 Dungeon Crawl Stone Soup version 0.24-b1-48-gd9db55c (webtiles) character file.

Game seed: 15895342878674866927, levelgen mode: deterministic

28 Fang the Skirmisher (level 3, 0/23 HPs)
             Began as a Gargoyle Berserker on Oct 24, 2019.
             Was a Believer of Trog.
             Slain by a hobgoblin
             ... wielding a +0 club
              (4 damage)
             ... on level 1 of the Dungeon.
             The game lasted 00:01:13 (403 turns).

Fang the Skirmisher (Gargoyle Berserker)             Turns: 403, Time: 00:01:14

Health: 0/23       AC:  5    Str: 21    XL:     3   Next: 12%
Magic:  3/3        EV: 12    Int:  7    God:    Trog [**....]
Gold:   0          SH:  0    Dex:  9    Spells: 2/2 levels left

rFire    . . .     SeeInvis .   a - +0 hand axe
rCold    . . .     Gourm    .   (no shield)
rNeg     + . .     Faith    .   b - +0 animal skin
rPois    ∞         Spirit   .   (no helmet)
rElec    +         Reflect  .   (no cloak)
rCorr    .         Harm     .   (no gloves)
MR       .....                  (no boots)
Stlth    +.........             (no amulet)
HPRegen  0.07/turn              (no ring)
MPRegen  0.08/turn              (no ring)

@: berserk cooldown, slowed, very slow
A: negative energy resistance 1, electricity resistance, unbreathing,
petrification resistance, rot immunity, AC +3
a: Berserk, Trog's Hand, Renounce Religion


You were on level 1 of the Dungeon.
You worshipped Trog.
Trog was pleased with you.
You were not hungry.

You visited 1 branch of the dungeon, and saw 1 of its levels.

Inventory:

Hand Weapons
 a - a +0 hand axe (weapon)
Armour
 b - a +0 animal skin (worn)
Scrolls
 e - 3 scrolls of teleportation {unknown}
 g - a scroll of remove curse {unknown}
Potions
 f - a potion of curing {unknown}
Comestibles
 c - a ration
 d - 14 chunks of flesh


   Skills:
 + Level 3.6 Fighting
 + Level 3.0 Axes
 + Level 2.7 Armour
 + Level 2.0 Dodging


You had 2 spell levels left.
You didn't know any spells.
Your spell library was empty.

Dungeon Overview and Level Annotations

Branches:
Dungeon (1/15)

Altars:


Innate Abilities, Weirdness & Mutations

You are resistant to torment.
Your stone body is resilient. (AC +3)
You are immune to poison.
You resist negative energy. (rN+)
You are resistant to electric shocks. (rElec)
You can survive without breathing.
You are immune to petrification.
You are immune to rotting.


Message History

The hobgoblin is almost dead.
The hobgoblin hits you. x2
You hit the hobgoblin.
You kill the hobgoblin!
Trog accepts your kill.
Your Dodging skill increases to level 2!
The leopard gecko bites you.
* * * LOW HITPOINT WARNING * * *
The hobgoblin barely misses you.
You barely miss the leopard gecko. You hit the hobgoblin but do no damage.
The leopard gecko bites you but does no damage.
The hobgoblin hits you but does no damage.
The leopard gecko barely misses you. The kobold hits you but does no damage.
You hit the leopard gecko but do no damage.
You hit the hobgoblin but do no damage. You barely miss the kobold.
The leopard gecko barely misses you.
The hobgoblin hits you but does no damage.
The kobold barely misses you. The leopard gecko misses you.
The hobgoblin hits you with a +0 club.
You die...

##................>...
##...#.......#.###.###.
##....#...÷...#.# #..#
. #.....#.......#.#
##>.. .......(..÷..##.#
##. ..............#..
..........!...##.
......K...........
......l@..........
......g...........
..................
..................
......#.....#.....
.############..... ###


You could see a leopard gecko, a hobgoblin and a kobold.

Vanquished Creatures
  A worm (D:1)
  2 bats (D:1)
  A giant cockroach (D:1)
  4 hobgoblins (D:1)
  4 jackals (D:1)
  2 ball pythons (D:1)
  A frilled lizard (D:1)
  4 goblins (D:1)
  2 kobolds (D:1)
  2 rats (D:1)
23 creatures vanquished.

Notes
Turn   | Place    | Note
-------+----------+-------------------------------------------
     0 | D:1      | Fang the Gargoyle Berserker began the quest for the Orb.
     0 | D:1      | Reached XP level 1. HP: 14/14 MP: 1/1
   182 | D:1      | Reached XP level 2. HP: 15/19 MP: 2/2
   379 | D:1      | Reached ** piety under Trog
   379 | D:1      | Reached XP level 3. HP: 17/23 MP: 3/3
   403 | D:1      | Slain by a hobgoblin

Skill      XL: |  1  2  3 |
---------------+----------+-----
Axes           | 3 |  3.0
Dodging        | 2 |  2.0
Fighting       | |  3.6
Armour         | |  2.7

Action                   || total
-------------------------++-------
Melee: Hand axe          ||    51
Invok: Berserk           ||     2
Armor: Animal skin       ||    23
Dodge: Dodged            ||    57
